 Dungeon Crawl Stone Soup version 0.20-a0-266-gdedccd6 (webtiles) character file.

14840 PurpleRed the Cleaver (level 11, -1/89 HPs)
             Began as a Mummy Fighter on Dec 5, 2016.
             Was a High Priest of Okawaru.
             Slain by an orc warrior
             ... wielding a +0 halberd
              (9 damage)
             ... on level 12 of the Dungeon.
             The game lasted 00:29:59 (14056 turns).

PurpleRed the Cleaver (Mummy Fighter)              Turns: 14056, Time: 00:30:00

Health: -1/89      AC: 25    Str: 23    XL:     11   Next: 94%
Magic:  8/15       EV:  7    Int:  4    God:    Okawaru [*****.]
Gold:   651        SH:  0    Dex: 17    Spells: 10/10 levels left

rFire  x . .     SeeInvis .     u - +4 battleaxe
rCold  + . .     Gourm    .     H - +1 crystal plate armour of Wariness {rPois MR+ Int-3 Dex+5}
rNeg   + + +     Faith    .     (shield currently unavailable)
rPois  ∞         Spirit   .     f - +1 helmet
rElec  .         Reflect  .     (no cloak)
rCorr  +         Harm     .     w - +0 pair of gloves
MR     ++...                    (no boots)
Stlth  ..........               (no amulet)
                                (no ring)
                                q - ring of resist corrosion

@: heroism, finesse
A: no food or potions, fire vulnerability, cold resistance 1, negative energy
resistance 3, torment resistance, unbreathing
a: Heroism, Finesse, Renounce Religion


You were on level 12 of the Dungeon.
You worshipped Okawaru.
Okawaru was extremely pleased with you.
You were not hungry.

You visited 2 branches of the dungeon, and saw 13 of its levels.
You also visited: Ossuary.

You collected 741 gold pieces.
You spent 90 gold pieces at shops.

Inventory:

Hand Weapons
 a - a +0 war axe
 d - a +2 hand axe of pain
 g - a +0 flail
 m - a +1 flail of holy wrath
 u - a +4 battleaxe (weapon)
 y - a cursed +5 dire flail
Missiles
 t - 12 tomahawks (quivered)
 z - 2 throwing nets
Armour
 c - a +0 shield
 f - a +1 helmet (worn)
 l - a +0 plate armour
 w - a +0 pair of gloves (worn)
 H - the +1 crystal plate armour of Wariness (worn) {rPois MR+ Int-3 Dex+5}
   (Okawaru gifted it to you on level 11 of the Dungeon)

   It affects your intelligence (-3).
   It affects your dexterity (+5).
   It protects you from poison.
   It affects your resistance to hostile enchantments.
Jewellery
 q - a ring of resist corrosion (left hand)
Wands
 o - a wand of lightning (5/15)
 r - a wand of flame (25/48)
 v - a wand of digging (6/24)
 E - a wand of paralysis (10/24)
Scrolls
 b - a scroll of enchant weapon
 e - a scroll of remove curse
 h - 6 scrolls of recharging
 i - 2 scrolls of blinking
 j - 2 scrolls of identify
 k - a scroll of magic mapping
 s - a scroll of immolation
 x - 4 scrolls of fear
 A - a scroll of noise
 D - 3 scrolls of amnesia
 F - a scroll of teleportation
 G - a scroll of silence
Books
 n - a book of Cantrips

   Spells                             Type                      Level
   a - Confusing Touch                Hexes                        1
   b - Animate Skeleton               Necromancy                   1
   c - Summon Small Mammal            Summoning                    1
   d - Apportation                    Translocation                1
 p - a book of Air

   Spells                             Type                      Level
   a - Shock                          Conjuration/Air              1
   b - Swiftness                      Charms/Air                   2
   c - Repel Missiles                 Charms/Air                   2
   d - Static Discharge               Conjuration/Air              3
   e - Lightning Bolt                 Conjuration/Air              5
 B - Sodoa's Handbook of Moulding
   (You found it on level 9 of the Dungeon)

   Spells                             Type                      Level
   a - Ice Form                       Ice/Transmutation            4
   b - Petrify                        Transmutation/Earth          4
   c - Statue Form                    Transmutation/Earth          6
 C - a book of the Dragon

   Spells                             Type                      Level
   a - Flame Tongue                   Conjuration/Fire             1
   b - Cause Fear                     Hexes                        4
   c - Bolt of Fire                   Conjuration/Fire             6
   d - Dragon Form                    Transmutation                7
   e - Dragon's Call                  Summoning                    9


   Skills:
 - Level 9.0(14.0) Fighting
 * Level 12.8(17.8) Axes
 + Level 5.7(10.7) Armour
 - Level 2.4(7.4) Shields
 + Level 5.3 Invocations


You had 10 spell levels left.
You didn't know any spells.

Dungeon Overview and Level Annotations

Branches:
Dungeon (12/15)            Temple (1/1) D:7            Lair (0/6) D:8
    Orc (0/2) D:9

Altars:
Ashenzari
Cheibriados
Dithmenos
Elyvilon
Gozag
Hepliaklqana
Kikubaaqudgha
Makhleb
Nemelex Xobeh
Okawaru
Qazlal
Sif Muna
Uskayaw
Vehumet
Xom
Yredelemnul
The Shining One

Shops:
D:6 }   D:7 %


Innate Abilities, Weirdness & Mutations

You do not eat or drink.
Your flesh is vulnerable to fire.
You are immune to poison.
Your flesh is cold resistant. (rC+)
You are immune to negative energy. (rN+++)
You are immune to unholy pain and torment.
You can survive without breathing.


Message History

The white ugly thing is severely wounded.
You closely miss the white ugly thing.
The white ugly thing is severely wounded.
You closely miss something.
The orc warrior hits you from afar with a halberd!
The shadow strikes at you from the darkness!
Reactivating autopickup.
You slash the white ugly thing!
The white ugly thing is almost dead.
You closely miss the shadow. The white ugly thing stings you!
* * * LOW HITPOINT WARNING * * *
The white ugly thing freezes you! You resist.
* * * LOW HITPOINT WARNING * * *
You hit the white ugly thing.
You kill the white ugly thing!
Okawaru accepts your kill.
You slash the shadow! The shadow hits you.
The orc warrior hits you with a halberd!
You die...

.#<...#.##.#.# u. #
.####.#.##.#.#.. .#.#
......#.##.#(#.# ###
.#.# .######.##.#(#.#
#.# ... ...#
#.##.#)#.####.########)#
.#.#
#.##.#)#.#.....u.oW....#
.#.#
#.##.#)#.#..#.##########
.#.# #.##.#)#.#o.#.#
.#.# #.##.#)#.#@.#.#
.#.# #.##.#...†W.#.#
.#.# #.##.###.##.#.#
.#.# #.##.# #.##.#.#
##.# #....# #.##.#.# #.#
###### #.##.# ##.#
#....# ...# ###### ####


You could see an orc warrior and a shadow.

Vanquished Creatures
  A centaur warrior (D:11)
  A death yak (D:11)
  An unseen horror (D:11)
  2 hill giants
  Pikel (D:6)
  A manticore (D:11)
  An ugly thing (D:12)
  The ghost of BigBall the Thaumaturge, a novice DEIE of Ashenzari (D:5)
  2 trolls
  A two-headed ogre (D:9)
  A hippogriff (D:9)
  A centaur simulacrum (D:11)
  11 yaks
  A wyvern (D:11)
  A human (D:8)
  A vampire (D:12)
  4 hogs (D:8)
  Menkaure (Ossuary)
  An acid dragon (D:12)
  The ghost of PurpleRed the Conjurer, an amateur KoCj (D:4)
  2 water moccasins (D:8)
  The ghost of gg19 the Skirmisher, an amateur OgHu (D:3)
  2 orc warriors
  9 ice beasts
  3 sky beasts
  3 ogres
  3 phantoms
  2 wolves (D:11)
  17 centaurs
  A big kobold (D:11)
  6 bullfrogs
  A hornet simulacrum (D:11)
  2 scorpions (D:7)
  4 killer bees (D:8)
  11 wights
  5 howler monkeys
  2 electric eels (D:11)
  2 bullfrog zombies
  5 crimson imps
  A wyvern simulacrum (D:11)
  5 orc priests
  3 jellies
  A centaur skeleton (D:6)
  9 hounds
  2 iguanas
  A bullfrog skeleton (D:9)
  6 orc wizards
  8 worker ants
  A bullfrog simulacrum (D:11)
  A hound skeleton (D:7)
  3 mummies (Ossuary)
  A worker ant zombie (D:9)
  Robin (D:2)
  3 gnolls (D:4)
  11 adders
  4 shadow imps
  3 white imps (D:11)
  A worker ant simulacrum (D:11)
  2 ufetubi (D:11)
  3 oozes
  2 adder zombies
  An adder skeleton (D:11)
  4 worms
  5 leopard geckos
  31 orcs
  5 ball pythons
  5 bats
  9 giant cockroaches
  19 goblins
  8 hobgoblins
  20 jackals
  8 kobolds
  7 quokkas
  6 frilled lizards
  A gnoll skeleton (Ossuary)
  4 gnoll zombies (Ossuary)
  2 goblin skeletons (Ossuary)
  3 goblin zombies (Ossuary)
  3 hobgoblin skeletons (Ossuary)
  2 hobgoblin zombies (Ossuary)
  2 kobold skeletons (Ossuary)
  An orc skeleton (Ossuary)
  3 orc zombies (Ossuary)
  4 rats
  3 rat skeletons (Ossuary)
  2 rat zombies (Ossuary)
346 creatures vanquished.

Vanquished Creatures (others)
  2 slaves (D:7)
  2 wights (D:7)
  A gnoll skeleton (Ossuary)
  A gnoll zombie (Ossuary)
  2 goblin skeletons (Ossuary)
  2 goblin zombies (Ossuary)
  3 hobgoblin skeletons (Ossuary)
  2 hobgoblin zombies (Ossuary)
  3 kobold skeletons (Ossuary)
  4 kobold zombies (Ossuary)
  3 orc skeletons (Ossuary)
  A rat skeleton (Ossuary)
  2 rat zombies (Ossuary)
28 creatures vanquished.

Grand Total: 374 creatures vanquished

Notes
Turn   | Place    | Note
-------+----------+-------------------------------------------
     0 | D:1      | PurpleRed the Mummy Fighter began the quest for the Orb.
     0 | D:1      | Reached XP level 1. HP: 18/18 MP: 1/1
   111 | D:1      | Found a shattered altar of Ashenzari.
   117 | D:1      | Reached skill level 2 in Axes
   154 | D:1      | Reached XP level 2. HP: 14/24 MP: 2/2
   545 | D:1      | Reached XP level 3. HP: 29/29 MP: 3/3
   746 | D:2      | Noticed Robin
   774 | D:2      | Killed Robin
   774 | D:2      | Reached skill level 3 in Axes
  1181 | D:2      | Reached XP level 4. HP: 34/35 MP: 4/4
  1769 | D:3      | Noticed gg19's ghost (amateur OgHu)
  1797 | D:3      | Killed gg19's ghost
  1797 | D:3      | Reached skill level 4 in Axes
  1797 | D:3      | Reached XP level 5. HP: 30/42 MP: 5/5
  2049 | D:3      | Reached XP level 6. HP: 49/49 MP: 6/6
  2294 | D:3      | Found a shadowy altar of Dithmenos.
  2814 | D:4      | Found a snail-covered altar of Cheibriados.
  2826 | D:4      | HP: 2/49 [ogre/giant club (19)]
  3035 | D:4      | Found a sand-covered staircase.
  3045 | Ossuary  | Entered an ossuary
  3149 | Ossuary  | Reached skill level 5 in Axes
  3437 | Ossuary  | Noticed Menkaure
  3450 | Ossuary  | Killed Menkaure
  3759 | D:4      | Reached skill level 5 in Fighting
  3759 | D:4      | Reached XP level 7. HP: 48/56 MP: 7/7
  3821 | D:4      | Found a burning altar of Makhleb.
  4269 | D:4      | Noticed PurpleRed's ghost (amateur KoCj)
  4568 | D:4      | Killed PurpleRed's ghost
  4568 | D:4      | Reached skill level 6 in Axes
  5266 | D:5      | Entered Level 5 of the Dungeon
  5266 | D:5      | Noticed BigBall's ghost (novice DEIE)
  5286 | D:4      | Reached XP level 8. HP: 22/62 MP: 8/8
  5497 | D:4      | Reached skill level 7 in Axes
  6174 | D:5      | Killed BigBall's ghost
  6373 | D:5      | Reached skill level 8 in Axes
  6841 | D:6      | Found Dairuack's Gadget Shop.
  6863 | D:5      | Reached XP level 9. HP: 20/68 MP: 9/9
  7128 | D:6      | Bought a wand of lightning (5/15) for 90 gold pieces
  7250 | D:6      | Reached skill level 5 in Armour
  7548 | D:6      | Found a radiant altar of Vehumet.
  7621 | D:6      | Reached skill level 9 in Axes
  7744 | D:7      | Noticed Pikel
  7776 | D:6      | Killed Pikel
  8040 | D:7      | Found a stormy altar of Qazlal.
  8107 | D:7      | Found Zapuud's Food Shoppe.
  8281 | D:7      | Found a basalt altar of Yredelemnul.
  8313 | D:7      | Found a staircase to the Ecumenical Temple.
  8333 | Temple   | Entered the Ecumenical Temple
  8359 | Temple   | Became a worshipper of Warmaster Okawaru
  8570 | D:7      | Reached skill level 10 in Axes
  8759 | D:8      | Found a shimmering altar of Xom.
  8920 | D:8      | Found a sparkling altar of Nemelex Xobeh.
  8966 | D:8      | Reached XP level 10. HP: 70/77 MP: 10/10
  9167 | D:8      | Found a staircase to the Lair.
  9254 | D:8      | Reached * piety under Okawaru
  9256 | D:8      | Found a basalt altar of Yredelemnul.
  9320 | D:8      | Found a white marble altar of Elyvilon.
  9353 | D:8      | Found an opulent altar of Gozag.
  9914 | D:9      | Reached ** piety under Okawaru
  9914 | D:9      | Reached skill level 11 in Axes
  9914 | D:9      | Reached skill level 1 in Invocations
  9929 | D:9      | Noticed a hill giant
  9940 | D:9      | Killed a hill giant
 10044 | D:9      | Identified Sodoa's Handbook of Moulding
 10313 | D:9      | Found a staircase to the Orcish Mines.
 10574 | D:9      | Reached *** piety under Okawaru
 10865 | D:10     | Entered Level 10 of the Dungeon
 11147 | D:10     | Noticed a hill giant
 11154 | D:10     | Killed a hill giant
 11280 | D:10     | Reached XP level 11. HP: 84/86 MP: 13/13
 11452 | D:11     | Reached **** piety under Okawaru
 11635 | D:11     | Noticed a centaur warrior
 11645 | D:11     | Killed a centaur warrior
 11735 | D:11     | Reached skill level 12 in Axes
 11859 | D:11     | Noticed a death yak
 12335 | D:11     | Killed a death yak
 12486 | D:11     | Killed an unseen horror
 12486 | D:11     | Reached ***** piety under Okawaru
 13177 | D:11     | Received a gift from Okawaru
 13180 | D:11     | Got a steaming crystal plate armour {god gift}
 13287 | D:11     | Identified the +1 crystal plate armour of Wariness {rPois MR+ Int-3 Dex+5} (Okawaru gifted it to you on level 11 of the Dungeon)
 13700 | D:12     | Reached skill level 5 in Invocations
 14025 | D:12     | Noticed a white ugly thing
 14055 | D:12     | Killed a white ugly thing
 14056 | D:12     | Slain by an orc warrior

Vault maps used:
D:1:      kennysheep_arrival_forest, nicolae_ashenzari_panopticon
D:2:      kennysheep_cross_bottleneck, uniq_robin
D:3:      kennysheep_big_flooded_room, nicolae_dithmenos_through_a_glass_darkly,
          kennysheep_generic_room_9
D:4:      kennysheep_mini_moat, kennysheep_mini, first_bread,
          nicolae_ossuary_entry_ruins, corexii_shack, kennysheep_generic_room_8
D:6:      vehumet_crystals, serial_shops, nicolae_shop_stone
D:7:      yredelemnul_altar_generic, nicolae_overflow_hidden_temple,
          serial_shops, nicolae_shop_statue_plus, uniq_menkaure, uniq_pikel
D:8:      nemelex_xobeh_ov_fountains_minmay, kennysheep_little_box,
          grunt_gozag_breadcrumbs, old_standard_altar, grunt_livestock,
          lemuel_statue_altar
D:9:      david_orc_2, minmay_diamond_spiral
D:10:     minmay_misc_feat_enclosed
D:11:     serial_ice, serial_ice_o, serial_ice_d, serial_ice_f, serial_ice_j,
          serial_ice_e, serial_ice_h
D:12:     serial_shops, shop
Temple:   jpeg_temple_island
Ossuary:  ossuary_due_pyramid

Skill      XL: |  1  2  3  4  5  6  7  8  9 10 11 |
---------------+----------------------------------+-----
Axes           | 2 3 4 5 6 8 10 11 12 | 12.8
Fighting       | 4 5 6 8 9 |  9.0
Armour         | 3 4 5 |  5.7
Invocations    | 3 5 |  5.3
Shields        | |  2.4

Action                   |  1- 3 |  4- 6 |  7- 9 | 10-12 || total
-------------------------+-------+-------+-------+-------++-------
Melee: War axe           |   126 |   228 |   490 |       ||   844
       Battleaxe         |       |       |    45 |   426 ||   471
Invok: Heroism           |       |       |       |     8 ||     8
       Finesse           |       |       |       |     1 ||     1
Evoke: Wand              |       |       |       |     1 ||     1
  Use: Scroll            |       |     6 |     5 |     6 ||    17
 Stab: Paralysed         |       |       |       |     1 ||     1
Armor: Scale mail        |    64 |    76 |    34 |       ||   174
       Chain mail        |       |       |    51 |       ||    51
       Plate armour      |       |       |   212 |   290 ||   502
       Crystal plate arm |       |       |       |    63 ||    63
Dodge: Dodged            |    40 |    56 |    72 |   128 ||   296
Block: Shield            |    51 |   107 |   212 |       ||   370
